 Dungeon Crawl Stone Soup version 0.20.0-15-g7f486f2 (webtiles) character file.

1018085 miragecloak the Grand Master (level 27, -2/230 HPs)
             Began as an Octopode Transmuter on June 14, 2017.
             Was the Champion of Ashenzari.
             Slain by a bennu (7 damage)
             ... on level 3 of the Tomb of the Ancients on June 23, 2017.
             The game lasted 05:33:32 (85360 turns).

miragecloak the Grand Master (Octopode Transmuter) Turns: 85360, Time: 05:33:33

Health: -2/230     AC:  7    Str: 13    XL:     27
Magic:  42/42      EV: 35    Int: 31    God:    Ashenzari [******]
Gold:   8438       SH: 25    Dex: 31    Spells: 9/56 levels left

rFire    + + +     SeeInvis +     - Unarmed
rCold    + + .     Gourm    .   N - +5 shield {AC+3} (curse)
rNeg     + + .     Faith    .   L - +2 hat {MR+} (curse)
rPois    .         Spirit   .   W - amulet of regeneration (curse)
rElec    .         Reflect  .   M - ring "Musmauji" {rN+ Int+6 Dex+4} (curse)
rCorr    +         Harm     .   b - ring of positive energy (curse)
MR       +++++     Clarity  +   o - ring "Kiutt" {rCorr Str+4 SInv} (curse)
Stlth    +++++++...             s - ring of Gast {+Blink Int+5 Dex+6 Stlth+} (curse)
Regen    0.9/turn               S - ring of protection from magic (curse)
MPRegen  0.3/turn               Y - ring "Owkanaucuc" {+Fly rF++ rC+} (curse)
                                C - ring "Goles" {rC+ MR+ Str-3 Int+3 Stlth-} (curse)
                                f - ring of Yendor {rF+ MR+ Str+2} (curse)

@: very slightly contaminated, slowed, deflect missiles, very slow
A: almost no armour, stealthy swim, amphibious, 8 rings, constrict 8, rugged
brown scales 1, camouflage 1, clumsy 1, mutation resistance 1, gelatinous body
1, MP-powered wands
}: 9/15 runes: decaying, serpentine, slimy, silver, iron, obsidian, icy, bone,
abyssal
a: Curse Item, Scrying, Transfer Knowledge, Renounce Religion, Evoke Blink,
Evoke Flight


You were on level 3 of the Tomb of the Ancients.
You worshipped Ashenzari.
Ashenzari was exalted by your worship.
You were not hungry.

You visited 17 branches of the dungeon, and saw 84 of its levels.
You visited the Abyss 1 time.
You also visited: Labyrinth, Trove and Ice Cave.

You collected 10688 gold pieces.
You spent 2250 gold pieces at shops.

Inventory:

Armour
 L - a cursed +2 hat of magic resistance (worn)
 N - a cursed +5 shield of protection (worn)
Jewellery
 b - a cursed ring of positive energy (right tentacle)
 f - the cursed ring of Yendor (on tentacle) {rF+ MR+ Str+2}
   (You found it in a treasure trove)

   [ring of protection from fire]

   It affects your strength (+2).
   It protects you from fire.
   It affects your resistance to hostile enchantments.
   It has a curse placed upon it.
 o - the cursed ring "Kiutt" (on tentacle) {rCorr Str+4 SInv}
   (You found it in a treasure trove)

   [ring of resist corrosion]

   It affects your strength (+4).
   It lets you see invisible.
   It has a curse placed upon it.
 s - the cursed ring of Gast (on tentacle) {+Blink Int+5 Dex+6 Stlth+}
   (You found it on level 5 of the Pits of Slime)

   [ring of intelligence]

   It affects your intelligence (+5).
   It affects your dexterity (+6).
   It lets you blink.
   It makes you more stealthy.
   It has a curse placed upon it.
 t - the ring "Hosoqef" {rC+ MR- Str+8 SInv}
   (You found it on level 7 of the Iron City of Dis)

   [ring of protection from cold]

   It affects your strength (+8).
   It protects you from cold.
   It affects your resistance to hostile enchantments.
   It lets you see invisible.
 A - the ring of Law {rN+ MR- Str+3 Dex+2}
   (You took it off an ancient champion on level 7 of the Iron City of Dis)

   [ring of positive energy]

   It affects your strength (+3).
   It affects your dexterity (+2).
   It protects you from negative energy.
   It affects your resistance to hostile enchantments.
 C - the cursed ring "Goles" (on tentacle) {rC+ MR+ Str-3 Int+3 Stlth-}
   (You found it in a treasure trove)

   [ring of loudness]

   It affects your strength (-3).
   It affects your intelligence (+3).
   It protects you from cold.
   It affects your resistance to hostile enchantments.
   It makes you less stealthy.
   It has a curse placed upon it.
 M - the cursed ring "Musmauji" (left tentacle) {rN+ Int+6 Dex+4}
   (You bought it in a shop on level 1 of the Elven Halls)

   [ring of positive energy]

   It affects your intelligence (+6).
   It affects your dexterity (+4).
   It protects you from negative energy.
   It has a curse placed upon it.
 S - a cursed ring of protection from magic (on tentacle)
 W - a cursed amulet of regeneration (around mantle)
 Y - the cursed ring "Owkanaucuc" (on tentacle) {+Fly rF++ rC+}
   (You bought it in a shop on level 2 of the Snake Pit)

   [ring of flight]

   It greatly protects you from fire.
   It protects you from cold.
   It lets you fly.
   It has a curse placed upon it.
Wands
 g - a wand of paralysis (19/24)
 w - a wand of confusion (26/48)
 E - a wand of lightning (7/15)
 Q - a wand of scattershot (2/9)
Scrolls
 d - 13 scrolls of remove curse
 h - 6 scrolls of fear
 k - 3 scrolls of amnesia
 m - 9 scrolls of enchant armour
 p - a scroll of blinking
 q - 2 scrolls of recharging
 x - 8 scrolls of teleportation
 y - 24 scrolls of identify
 G - a scroll of brand weapon
 I - 5 scrolls of fog
 O - 2 scrolls of holy word
 R - 3 scrolls of summoning
Potions
 a - 6 potions of cancellation
 c - 5 potions of invisibility
 e - a potion of resistance
 j - 9 potions of curing
 l - 14 potions of flight
 u - 2 potions of berserk rage
 v - 4 potions of agility
 B - a potion of mutation
 F - a potion of haste
 H - a potion of ambrosia
 J - 11 potions of brilliance
 K - 6 potions of magic
Books
 P - Tegefiz's Guide on the Torrid Birds
   (You found it on level 3 of the Crypt)

   Spells                             Type                      Level
   a - Static Discharge               Conjuration/Air              3
   b - Inner Flame                    Hexes/Fire                   3
   c - Bolt of Magma                  Conjuration/Fire/Earth       5
   d - Tornado                        Air                          9
Comestibles
 n - 13 fruits
 r - 11 royal jellies
 z - 2 bread rations
 D - 14 meat rations


   Skills:
 O Level 27 Fighting
 + Level 15.5(19.5) Dodging
 - Level 9.3(13.6) Stealth
 O Level 27 Shields
 O Level 27 Unarmed Combat
 - Level 15.0 Spellcasting
 - Level 6.8(11.3) Hexes
 - Level 8.0(12.5) Charms
 - Level 7.5(12.0) Necromancy
 - Level 6.9(11.4) Translocations
 - Level 19.5(23.0) Transmutations
 - Level 6.4(10.9) Air Magic
 - Level 14.5(18.5) Earth Magic


You had 9 spell levels left.
You knew the following spells:

 Your Spells              Type           Power        Failure   Level  Hunger
a - Passage of Golubria   Tloc           N/A          1%          4    None
b - Spider Form           Tmut/Pois      #######...   1%          3    None
c - Ice Form              Ice/Tmut       #######.     1%          4    None
d - Blade Hands           Tmut           ########..   0%          5    None
e - Statue Form           Tmut/Erth      ########.    1%          6    ###....
f - Passwall              Tmut/Erth      ########..   0%          2    None
g - Blink                 Tloc           N/A          1%          2    None
h - Lee's Rapid Deconstr  Erth           #######...   1%          5    None
i - Deflect Missiles      Chrm/Air       #######...   2%          6    ###....
j - Silence               Hex/Air        #######...   1%          5    None
k - Dispel Undead         Necr           #######.     1%          5    None


Dungeon Overview and Level Annotations

Branches:
Dungeon (15/15)            Temple (1/1) D:6            Lair (6/6) D:10
  Swamp (4/4) Lair:2        Snake (4/4) Lair:2        Slime (5/5) Lair:5
    Orc (2/2) D:12            Elf (3/3) Orc:2        Vaults (5/5) D:13
  Crypt (3/3) Vaults:2       Tomb (3/3) Crypt:3      Depths (4/5) D:15
   Hell (1/1)                 Dis (7/7) Hell            Geh (7/7) Hell
    Coc (7/7) Hell            Tar (7/7) Hell

Altars:
Ashenzari
Cheibriados
Dithmenos
Elyvilon
Fedhas
Gozag
Hepliaklqana
Kikubaaqudgha
Makhleb
Nemelex Xobeh
Okawaru
Qazlal
Ru
Sif Muna
Trog
Uskayaw
Vehumet
Xom
Yredelemnul
Zin
The Shining One
Beogh

Shops:
D:5 *!   D:6 *   D:7 (}(*   D:8 [   D:10 !   Orc:2 ((%:   Elf:1 *   Elf:2 }
Snake:1 :*:}   Snake:2 }==[   Snake:3 =   Snake:4 (   Vaults:1 (   Vaults:2 [
Vaults:3 !

Portals:
Hell: Depths:1 Depths:2 Depths:3
Abyss: Depths:1 Depths:2
Pandemonium: Depths:1 Depths:3

Annotations:
Orc:2 exclusion: upstairs
Tomb:3 Boris


Innate Abilities, Weirdness & Mutations

You cannot wear most types of armour.
You are very stealthy in the water. (Stealth+)
You are amphibious.
You can wear up to eight rings at the same time.
You can use your tentacles to constrict eight enemies at once.
Your skin changes colour to match your surroundings (Stealth+).
Your rubbery body absorbs attacks. (AC +1, EV +1)
You are partially covered in rugged brown scales. (AC +1, +3% HP)
You are clumsy. (Dex -2)
You are somewhat resistant to further mutation.
You expend magic power (3 MP) to strengthen your wands.


Message History

You batter the mummy!!
You destroy the mummy!
The bennu completely misses you. You block the bennu's attack.
The bennu barely misses you.
You batter the bennu!! You grab the bennu.
You squeeze the bennu, but do no damage.
The bennu is heavily wounded.
You constrict the bennu. The bennu pecks you!!
* * * LOW HITPOINT WARNING * * *
You block the bennu's attack. x2
You tentacle-slap the bennu but do no damage.
The bennu is heavily wounded.
You constrict the bennu. You block the bennu's attack. x2
The bennu misses you.
You feel much better.
You constrict the bennu! You block the bennu's attack. The bennu claws you!!
* * * LOW HITPOINT WARNING * * *
You block the bennu's attack. The bennu completely misses you.
You block the bennu's attack. The bennu misses you. The bennu pecks you!
You die...

* , **** {....#...# ,
,,,,, ,,, ,....[##...#
,,,, ,,, ,,,{....##M...#
** * ****#########....##
, ,,,, , ,....V........#
, ,, ,.M.{{.{{M{..## , ,
{.....MMzz.##* , , , ,,
{..####b### ,, , { ,
#§@§§#* ,,,, ,, ,
*#§§W§§..* * ,,, ,, {,
#..§§§§.... ,,, ,,
,*#<.§§§§....$#*
...s..M.*#......^...$$$#
#...s..##.......{...$$$#
*#......##..........$$$=#
#......#.........$$$$})
#....b.#∆,, ,, ,,, , *


You could see a bennu, a flayed ghost and 2 flying skulls.

Vanquished Creatures
  Asmodeus (Geh:7)
  Antaeus (Coc:7)
  the Royal Jelly (Slime:5)
  Ereshkigal (Tar:7)
  the Serpent of Hell (Geh:7)
  5 ancient liches
  Khufu (Crypt:2)
  Dispater (Dis:7)
  Sojobo (Vaults:3)
  The ghost of Britaniac the Conqueror, a legendary GrFi of the Shining One (Tomb:1)
  16 greater mummies
  12 shard shrikes
  Bai Suzhen (Swamp:4)
  Geryon (Hell)
  Nikola (Swamp:4)
  3 golden dragons
  A profane servitor (Crypt:3)
  Jory (Crypt:3)
  the Enchantress (Depths:2)
  9 bone dragons
  21 Brimstone Fiends
  9 doom hounds
  26 Tzitzimimeh
  4 iron giants (Dis:7)
  Jorgrun (Swamp:4)
  14 liches
  The ghost of galech the Wrestler, an adept TrMo of Okawaru (Elf:3)
  16 Ice Fiends
  6 Hell Sentinels
  4 tentacled monstrosities
  Rupert (D:15)
  16 acid blobs
  4 deep elf blademasters
  3 deep elf master archers (Elf:3)
  5 titans
  2 quicksilver dragons (Dis:7)
  5 Executioners
  4 storm dragons (Vaults:5)
  2 eldritch tentacles
  9 sphinxes
  14 tentacled starspawn
  13 ancient champions
  6 shadow dragons
  A thorn hunter (Swamp:2)
  Donald (Swamp:2)
  Kirke (D:13)
  Agnes (D:15)
  2 revenants
  The ghost of pichaelthompson the Swashbuckler, an adept DsBe of Trog (Swamp:2)
  Roxanne (D:14)
  8 tengu reavers
  8 nagarajas
  15 fire giants
  Aizul (Snake:2)
  8 deep elf sorcerers
  7 azure jellies
  17 vault wardens
  A draconian shifter (Abyss:4)
  2 juggernaut zombies (Hell)
  4 iron dragons
  Louise (D:15)
  12 frost giants
  A cacodemon (Dis:7)
  11 ironheart preservers
  26 balrugs
  2 curse skulls
  4 spriggan defenders (Depths:2)
  52 reapers
  6 elemental wellsprings
  14 war gargoyles
  6 deep elf elementalists
  6 caustic shrike skeletons (Depths:2)
  13 very ugly things
  12 stone giants
  4 ghouls
  10 vampire knights
  3 entropy weavers
  4 bennus (Tomb:1)
  The ghost of Ashar the Carver, a journeyman DsFi of Makhleb (Swamp:1)
  4 dire elephants (Abyss:4)
  A yellow draconian (Abyss:1)
  2 lorocyprocas
  8 deep elf demonologists
  12 deep elf annihilators
  Azrael (Orc:2)
  10 deep elf death magi
  15 large abominations
  13 blizzard demons
  3 ettins
  5 eidola
  Snorg (Orc:1)
  6 death oozes
  19 mummy priests
  A crystal guardian (Vaults:3)
  7 quicksilver dragon zombies
  13 yaktaur captains
  11 deep elf high priests
  A minotaur (Lab)
  8 fire dragons
  11 jiangshi
  20 ice dragons
  12 great orbs of eyes
  2 kraken zombies
  4 hell beasts
  21 hydras
  7 rakshasas
  5 quicksilver dragon skeletons
  7 ghost crabs
  33 vault guards
  A catoblepas (Lair:5)
  11 naga warriors
  6 spriggan air magi
  Erica (Orc:2)
  19 centaur warriors
  5 death knights
  26 dancing weapons
  15 anacondas
  11 death yaks
  A two-headed ogre (shapeshifter) (Vaults:5)
  16 ogre magi
  8 vampire magi
  5 deep troll shamans
  12 alligators
  A satyr (Abyss:3)
  45 two-headed ogres
  21 death scarabs
  23 hell hogs
  Urug (D:10)
  7 spriggan berserkers
  6 tengu warriors
  14 small abominations
  4 deep troll earth magi
  17 shock serpents
  An iron golem (Dis:7)
  12 thrashing horrors
  13 naga sharpshooters
  6 orc high priests
  6 titan zombies
  19 sun demons
  24 deep elf knights
  Sonja (D:15)
  4 storm dragon zombies
  3 salamander mystics (Snake:4)
  8 titan skeletons
  A death drake (Tar:7)
  A fire crab (Swamp:4)
  14 soul eaters
  60 hell knights
  11 wretched stars
  2 iron trolls
  19 shadow wraiths
  7 storm dragon skeletons
  A sixfirhy (Abyss:5)
  A spark wasp zombie (Hell)
  A sea snake (shapeshifter) (Depths:3)
  A spatial maelstrom (Abyss:1)
  5 ghost moth zombies
  126 skeletal warriors
  10 spriggan druids
  8 golden dragon zombies
  14 flayed ghosts
  12 anaconda zombies
  7 sea snakes
  A kraken simulacrum (Hell)
  4 glowing orange brains
  9 unseen horrors
  5 wizards
  17 shadow demons
  A tengu zombie (Hell)
  17 deep trolls
  6 shadow dragon zombies
  9 swamp dragons
  12 naga ritualists
  A death drake (shapeshifter) (Vaults:5)
  18 ironbrand convokers
  3 wolf spider zombies
  3 lindwurms
  3 golden dragon skeletons
  2 shambling mangroves
  11 orc knights
  7 fire giant zombies
  6 wolf spiders
  4 harpies (Vaults:5)
  22 necromancers
  10 anaconda skeletons
  14 phantasmal warriors
  8 iron dragon zombies
  72 deep elf magi
  A harpy (shapeshifter) (Depths:2)
  3 shadow dragon skeletons
  13 deep elf archers
  9 mana vipers
  An orb spider (Abyss:5)
  3 manticores
  4 shining eyes
  5 orc sorcerers
  8 cyclopes
  13 frost giant zombies
  9 stone giant zombies
  25 ugly things
  5 worldbinders
  16 salamanders
  Joseph (D:8)
  4 frost giant skeletons
  7 centaur zombies
  5 elephants (Lair:4)
  An elephant (shapeshifter) (Vaults:5)
  3 apocalypse crabs
  3 eyes of devastation
  34 rust devils
  35 black mambas
  2 guardian serpents (shapeshifter)
  3 spriggan zombies
  2 water nymphs (Abyss:3)
  15 vault sentinels
  29 naga magi
  3 titan simulacra (Coc:7)
  A guardian serpent (Snake:4)
  2 shock serpent zombies
  3 gargoyles
  3 storm dragon simulacra (Coc:7)
  6 ice statues
  7 stone giant skeletons
  10 dire elephant zombies
  6 fire giant skeletons
  A komodo dragon (shapeshifter) (Vaults:4)
  8 molten gargoyles
  2 yaktaur zombies (Hell)
  6 smoke demons
  A torpor snail (shapeshifter) (Depths:2)
  The ghost of NoAnimeNoLife the Basher, a novice DsFi (D:4)
  6 dire elephant skeletons
  A shock serpent skeleton (Tar:5)
  15 spiny frogs
  30 hellions
  A kobold demonologist (D:12)
  29 tormentors
  42 yaktaurs
  2 rime drakes (shapeshifter)
  22 komodo dragons
  11 efreet
  A catoblepas zombie (Geh:3)
  39 freezing wraiths
  3 hellwings
  3 ancient zymes
  4 rime drakes
  4 tengu conjurers
  11 anaconda simulacra
  30 guardian mummies
  22 ice devils
  3 harpy zombies
  A silent spectre (Tar:7)
  33 red devils
  5 trolls
  2 jumping spiders (shapeshifter) (Vaults:4)
  19 hydra zombies
  A death drake zombie (Crypt:2)
  A polar bear (shapeshifter) (Vaults:3)
  64 slime creatures
  28 hornets
  2 polar bears
  9 ice dragon zombies
  A shadow dragon simulacrum (Tomb:2)
  4 tyrant leeches
  8 fire dragon zombies
  2 harpy skeletons
  6 hydra skeletons
  A minotaur skeleton (Lab)
  3 alligator zombies
  12 blink frogs
  18 bog bodies
  A raiju (shapeshifter) (Depths:2)
  A meliai zombie (Crypt:2)
  A stone giant simulacrum (Crypt:3)
  6 raiju
  A deep troll zombie (Hell)
  8 ettin zombies
  Sigmund (D:6)
  9 redbacks
  3 black mamba zombies
  3 ettin skeletons
  2 fire giant simulacra
  8 air elementals
  4 alligator skeletons
  3 vampires
  2 ynoxinuls
  3 fire dragon skeletons
  151 flying skulls
  5 hippogriffs
  29 starcursed masses
  2 tarantellas
  10 water elementals
  35 wraiths
  28 shadows
  49 spriggans
  8 ushabtiu
  25 fire elementals
  44 yaks
  9 ice dragon skeletons
  3 black mamba skeletons
  4 fire bats
  8 wyverns
  A dire elephant simulacrum (IceCv)
  Grum (D:8)
  A human (D:11)
  10 hungry ghosts
  9 golden eyes
  3 hogs (D:13)
  3 chaos spawn
  3 basilisks
  5 steam dragons
  5 neqoxecs
  24 vampire mosquitoes
  42 nagas
  2 spatial vortices
  6 wargs
  3 iron troll simulacra (IceCv)
  17 insubstantial wisps
  Edmund (D:6)
  An infernal demonspawn zombie (Crypt:2)
  An acid dragon (Vaults:1)
  5 hydra simulacra
  A merfolk zombie (Geh:6)
  27 swamp worms
  13 water moccasins
  A floating eye (Depths:2)
  Duvessa (D:6)
  7 porcupines
  5 spiny frog zombies
  72 hell hounds
  6 sky beasts
  A floating eye (shapeshifter) (Elf:3)
  A water nymph skeleton (Crypt:2)
  14 swamp drakes
  2 alligator simulacra
  18 ice beasts
  An ettin simulacrum (Vaults:2)
  A gelid demonspawn skeleton (Crypt:2)
  9 phantoms
  4 swamp dragon zombies
  38 orc warriors
  3 spiny frog skeletons
  4 snapping turtle zombies
  4 eyes of draining
  A sky beast (shapeshifter) (Depths:1)
  6 manticore zombies
  An eye of draining (shapeshifter) (Vaults:3)
  22 necrophages
  2 black bears
  An ice dragon simulacrum (Coc:7)
  4 snapping turtle skeletons
  A centaur (shapeshifter) (Vaults:5)
  43 ogres
  2 swamp dragon skeletons
  A manticore skeleton (Tar:4)
  14 wolves
  3 human zombies
  14 boggarts
  40 centaurs
  A rime drake zombie (Crypt:2)
  An elf zombie (Coc:7)
  4 big kobolds
  18 crocodiles
  A salamander zombie (Crypt:1)
  15 bullfrogs
  3 earth elementals
  A wyvern zombie (D:12)
  A spiny frog simulacrum (Coc:3)
  Dowan (D:6)
  3 scorpions
  5 killer bees (D:10)
  2 troll zombies
  58 wights
  3 electric eels
  6 howler monkeys
  14 crimson imps
  8 lava snakes
  A bullfrog zombie (D:8)
  6 jellies
  28 orc wizards
  2 quasits
  20 orc priests
  Crazy Yiuf (D:5)
  14 hounds
  20 iron imps
  4 centaur skeletons
  A bullfrog skeleton (D:7)
  10 iguanas
  13 worker ants
  16 hell rats
  2 tengu skeletons
  3 hound skeletons
  43 mummies
  2 worker ant zombies
  A howler monkey zombie (D:6)
  A gnoll (shapeshifter) (Vaults:4)
  A howler monkey skeleton (D:11)
  11 adders
  A naga simulacrum (Crypt:2)
  16 shadow imps
  18 white imps
  2 ufetubi
  3 adder zombies
  3 oozes
  5 worms
  2 adder skeletons
  A dart slug (D:1)
  6 leopard geckos
  117 orcs
  2 ball pythons
  A bat skeleton (Crypt:1)
  14 giant cockroaches
  8 goblins
  6 hobgoblins
  8 jackals (D:1)
  5 quokkas
  6 bats
  7 frilled lizards
  A frilled lizard skeleton (Crypt:1)
  24 kobolds
  2 kobold zombies
  An orc zombie (Tar:7)
  A quokka skeleton (D:4)
  A quokka zombie (D:5)
  22 rats
  A rat zombie (Crypt:2)
  2 briar patches (Swamp:2)
  2 bushes (Depths:2)
  2 crawling corpses (Elf:3)
  2 fire vortices (Geh:7)
  A lurking horror (Abyss:4)
  2 plants
  7 starspawn tentacles
  6 tentacles
4183 creatures vanquished.

Vanquished Creatures (others)
  A sphinx (Tomb:1)
  An eldritch tentacle (Coc:3)
  An ancient champion (Tomb:2)
  A war gargoyle (Dis:7)
  A deep elf annihilator (Elf:3)
  A merfolk javelineer (Depths:1)
  A naga warrior (Snake:4)
  2 hydras (Swamp:4)
  2 dancing weapons
  27 death scarabs
  A deep elf knight (Elf:3)
  An unseen horror (D:13)
  2 swamp dragons (Swamp:4)
  A rust devil (Dis:7)
  A komodo dragon (Lair:6)
  A guardian mummy (Tomb:2)
  9 flying skulls
  A spriggan (Swamp:4)
  An alligator skeleton (Coc:7)
  A water elemental (Depths:1)
  A steam dragon (Swamp:4)
  A hell hound (Geh:6)
  8 swamp drakes (Swamp:4)
  A necrophage (Tar:2)
  2 wights (Dis:6)
  A crimson imp (Geh:4)
  A hell rat (Hell)
  7 mummies
  A white imp (Abyss:4)
  A briar patch (Swamp:2)
  12 fungi
  A lurking horror (Abyss:4)
  15 plants
  22 starspawn tentacles
  17 tentacles
148 creatures vanquished.

Grand Total: 4331 creatures vanquished

Notes
Turn   | Place    | Note
-------+----------+-------------------------------------------
     0 | D:1      | miragecloak the Octopode Transmuter began the quest for the Orb.
     0 | D:1      | Reached XP level 1. HP: 13/13 MP: 3/3
     1 | D:1      | Found a runed door.
   216 | D:1      | Reached XP level 2. HP: 10/18 MP: 3/5
   934 | D:1      | Reached XP level 3. HP: 23/23 MP: 4/6
   942 | D:1      | Learned a level 3 spell: Spider Form
  1676 | D:2      | Reached XP level 4. HP: 28/28 MP: 3/7
  2763 | D:3      | Reached XP level 5. HP: 33/33 MP: 4/8
  2918 | D:3      | Reached XP level 6. HP: 10/38 MP: 3/10
  2927 | D:3      | Learned a level 4 spell: Ice Form
  3512 | D:4      | Reached skill level 5 in Unarmed Combat
  3590 | D:4      | Reached skill level 1 in Ice Magic
  3931 | D:4      | Noticed NoAnimeNoLife's ghost (novice DsFi)
  3934 | D:4      | Reached XP level 7. HP: 38/43 MP: 7/11
  4710 | D:5      | Entered Level 5 of the Dungeon
  4746 | D:5      | You fall through a shaft!
  5062 | D:6      | Found a staircase to the Ecumenical Temple.
  5067 | D:6      | Noticed Edmund
  5103 | D:6      | Killed Edmund
  5103 | D:6      | Reached skill level 5 in Ice Magic
  5103 | D:6      | Reached XP level 8. HP: 24/48 MP: 7/12
  5431 | Temple   | Entered the Ecumenical Temple
  5602 | Temple   | Became a worshipper of Ashenzari the Shackled
  5802 | D:6      | Noticed Sigmund
  5810 | D:6      | Killed Sigmund
  5810 | D:6      | Reached skill level 5 in Transmutations
  5875 | D:6      | Noticed Duvessa
  5885 | D:6      | Killed Duvessa
  5894 | D:6      | Found Asahofaafo's Assorted Antiques.
  5912 | D:6      | Noticed Dowan
  5915 | D:6      | Killed Dowan
  6359 | D:5      | Found Duaps's Distillery.
  6723 | D:5      | Reached XP level 9. HP: 49/56 MP: 13/13
  6821 | D:5      | Found a runed door.
  6845 | D:5      | Found Qoumunor's General Store.
  6849 | D:5      | Bought a scroll of teleportation for 36 gold pieces
  7439 | D:7      | Found Sorauss's Weapon Shoppe.
  7465 | D:7      | Found Raxtehed's Gadget Shop.
  7487 | D:7      | Found Nerro's General Store.
  7525 | D:7      | Found Acifuent's Weapon Emporium.
  7639 | D:7      | Reached * piety under Ashenzari
  7821 | D:7      | Noticed a two-headed ogre
  8080 | D:8      | Found Odghodeb's Armour Shoppe.
  8347 | D:8      | Noticed Grum
  8358 | D:8      | Reached skill level 10 in Unarmed Combat
  8363 | D:8      | Killed Grum
  8875 | D:8      | Reached XP level 10. HP: 63/63 MP: 9/14
  9055 | D:8      | Noticed Joseph
  9066 | D:8      | Killed Joseph
 10044 | D:9      | Noticed a two-headed ogre
 10048 | D:9      | Killed a two-headed ogre
 10058 | D:9      | Reached skill level 5 in Fighting
 10109 | D:10     | Entered Level 10 of the Dungeon
 10192 | D:10     | Noticed Urug
 10211 | D:10     | Killed Urug
 10570 | D:10     | Reached XP level 11. HP: 64/77 MP: 15/15
 10986 | D:10     | Found Oxtot's Distillery.
 11101 | D:10     | Found a staircase to the Lair.
 11237 | Lair:1   | Entered Level 1 of the Lair of Beasts
 11764 | Lair:1   | Reached skill level 5 in Dodging
 12885 | Lair:2   | Found a staircase to the Snake Pit.
 12889 | Lair:2   | Noticed a six-headed hydra
 12912 | Lair:2   | Killed a six-headed hydra
 13022 | Snake:1  | Entered Level 1 of the Snake Pit
 13056 | Snake:1  | Noticed a naga ritualist
 13065 | Snake:1  | Noticed a salamander
 13068 | Snake:1  | Noticed a salamander
 13072 | Snake:1  | Killed a naga ritualist
 13401 | Lair:2   | Killed a salamander
 13736 | Snake:1  | Killed a salamander
 13916 | Snake:2  | Noticed a shock serpent
 14164 | Lair:2   | Reached XP level 12. HP: 82/82 MP: 12/16
 14392 | Lair:2   | Found a staircase to the Swamp.
 14396 | Lair:2   | Noticed a seven-headed hydra
 14410 | Lair:2   | Killed a seven-headed hydra
 15638 | Lair:2   | Noticed a seven-headed hydra
 15671 | Lair:2   | Killed a seven-headed hydra
 15671 | Lair:2   | Reached skill level 15 in Unarmed Combat
 16389 | Swamp:1  | Entered Level 1 of the Swamp
 16405 | Swamp:1  | Noticed Ashar's ghost (journeyman DsFi)
 16592 | Lair:3   | Noticed a five-headed hydra
 16926 | Lair:3   | Reached ** piety under Ashenzari
 17136 | Lair:3   | Killed a five-headed hydra
 17954 | Lair:4   | Reached skill level 10 in Fighting
 17970 | Lair:4   | Reached XP level 13. HP: 76/93 MP: 17/17
 18227 | Lair:4   | Found a dark tunnel.
 19571 | D:12     | Gained mutation: Your body sometimes deteriorates upon taking damage. [mutagenic meat]
 19572 | D:12     | Gained mutation: You are partially covered in rugged brown scales. (AC +1, +3% HP) [mutagenic meat]
 19580 | D:12     | Found a staircase to the Orcish Mines.
 19704 | D:12     | Gained mutation: You are dopey. (Int -2) [mutagenic meat]
 19706 | D:12     | Gained mutation: You are partially covered in iridescent scales. (AC +2) [mutagenic meat]
 20591 | D:12     | Reached *** piety under Ashenzari
 21514 | D:13     | Found a gate to the Vaults.
 22113 | D:13     | Learned a level 5 spell: Blade Hands
 22113 | D:13     | Identified a scroll of acquirement
 22498 | D:13     | Noticed Kirke
 22522 | D:13     | Killed Kirke
 22522 | D:13     | Reached XP level 14. HP: 110/110 MP: 15/18
 23410 | D:14     | Noticed Sonja
 23471 | D:14     | Reached skill level 1 in Stealth
 23507 | D:14     | Noticed Roxanne
 23723 | D:14     | Reached skill level 5 in Stealth
 24055 | D:15     | Entered Level 15 of the Dungeon
 24478 | D:15     | Noticed Agnes
 24609 | D:15     | Noticed Louise
 24966 | D:6      | Bought a scroll of identify for 42 gold pieces
 24969 | D:6      | Bought a scroll labeled PIPLUADDOI for 21 gold pieces
 24969 | D:6      | Bought a scroll labeled HAJOWYBBITS for 21 gold pieces
 25074 | D:5      | Noticed Crazy Yiuf
 25079 | D:5      | Killed Crazy Yiuf
 25155 | D:4      | Killed NoAnimeNoLife's ghost
 27068 | Swamp:1  | Killed Ashar's ghost
 27159 | Swamp:1  | Found a basalt altar of Yredelemnul.
 27326 | Swamp:1  | Reached skill level 10 in Dodging
 27828 | Swamp:2  | Noticed Donald
 28141 | Swamp:2  | Noticed a thorn hunter
 28336 | Swamp:4  | Entered Level 4 of the Swamp
 28430 | Swamp:4  | Reached XP level 15. HP: 88/116 MP: 15/19
 30856 | Swamp:2  | Reached **** piety under Ashenzari
 30856 | Swamp:2  | Noticed pichaelthompson's ghost (adept DsBe)
 31044 | Swamp:2  | Killed pichaelthompson's ghost
 32971 | Swamp:4  | Noticed Nikola
 32976 | Swamp:4  | Noticed Jorgrun
 33747 | Swamp:3  | Reached XP level 16. HP: 122/122 MP: 20/20
 34348 | Orc:1    | Entered Level 1 of the Orcish Mines
 34771 | Orc:1    | Found a roughly hewn altar of Beogh.
 34827 | Orc:2    | Entered Level 2 of the Orcish Mines
 34996 | Orc:2    | Found a staircase to the Elven Halls.
 35155 | Orc:2    | Noticed Azrael
 35161 | Orc:2    | Killed Azrael
 35500 | Orc:1    | Noticed Erica
 35500 | Orc:1    | Noticed Snorg
 35512 | Orc:2    | Killed Erica
 35543 | Elf:1    | Entered Level 1 of the Elven Halls
 37152 | D:15     | Reached skill level 5 in Spellcasting
 37832 | D:14     | Reached ***** piety under Ashenzari
 38033 | D:14     | Killed Roxanne
 38034 | D:14     | Identified Roxanne's Volume of Transmutation (You took it off Roxanne on level 14 of the Dungeon)
 38043 | D:14     | Learned a level 6 spell: Statue Form
 38484 | Orc:2    | Reached skill level 1 in Earth Magic
 39507 | Orc:2    | Found Huasox's Book Boutique.
 39507 | Orc:2    | Found Zoutz's Antique Weapon Shoppe.
 39509 | Orc:2    | Found Aseroff's Food Boutique.
 39509 | Orc:2    | Found Detileun's Antique Weapon Shoppe.
 39529 | Orc:2    | Bought a bread ration for 50 gold pieces
 39598 | Orc:2    | Reached skill level 10 in Transmutations
 39598 | Orc:2    | Reached skill level 1 in Shields
 39674 | Orc:2    | Reached XP level 17. HP: 123/128 MP: 22/26
 39831 | D:15     | Killed Louise
 39852 | D:15     | Killed Sonja
 39904 | D:15     | Noticed Rupert
 39975 | D:15     | Killed Rupert
 39987 | D:15     | Killed Agnes
 40209 | D:15     | Found a staircase to the Depths.
 41096 | Lair:5   | Found a staircase to the Slime Pits.
 41609 | Lair:6   | Entered Level 6 of the Lair of Beasts
 41628 | Lair:6   | Found a labyrinth entrance.
 41646 | Lab      | Entered a labyrinth
 42410 | Lair:6   | Found a large runed door.
 42410 | Lair:6   | Found a large runed door.
 43182 | Elf:1    | Found a radiant altar of Vehumet.
 43427 | Elf:1    | Identified the Guide on Calling
 43436 | Elf:1    | Found Yposomix's General Store.
 43444 | Elf:1    | Bought the ring "Musmauji" {rN+ Int+6 Dex+4} for 912 gold pieces
 44040 | Swamp:2  | Killed Donald
 44040 | Swamp:2  | Reached XP level 18. HP: 134/134 MP: 23/27
 44211 | Swamp:4  | Killed Nikola
 44236 | Swamp:4  | Killed Jorgrun
 44236 | Swamp:4  | Reached skill level 5 in Shields
 44423 | Swamp:4  | Noticed Bai Suzhen
 44442 | Swamp:4  | Killed Bai Suzhen
 44538 | Swamp:4  | Got a decaying rune of Zot
 45526 | Snake:1  | Found Ybiann's Book Shoppe.
 45530 | Snake:1  | Found Ischy Tid's Book Shoppe.
 45530 | Snake:1  | Found Sisupiomn's General Store.
 45531 | Snake:1  | Found Asicecle's Gadget Shoppe.
 45871 | Snake:2  | Reached skill level 10 in Shields
 46117 | Snake:2  | Found Riddoloaq's Antique Armour Shoppe.
 46314 | Snake:2  | Found Woelon's Gadget Boutique.
 46314 | Snake:2  | Found Ecall's Jewellery Shoppe.
 46315 | Snake:2  | Found Bigaumn's Jewellery Shoppe.
 46325 | Snake:2  | Bought the ring "Owkanaucuc" {+Fly rF++ rC+} for 637 gold pieces
 46379 | Snake:2  | Noticed Aizul
 46389 | Snake:2  | Killed Aizul
 46395 | Snake:2  | Gained mutation: You are frail. (-10% HP) [mutagenic meat]
 46398 | Snake:2  | Gained mutation: Your spells are a little harder to cast, but a little more powerful. [mutagenic meat]
 47019 | Snake:3  | Reached XP level 19. HP: 126/126 MP: 23/28
 47202 | Snake:3  | Found Lupeqis's Jewellery Shop.
 47388 | Snake:3  | Reached ****** piety under Ashenzari
 47510 | Snake:4  | Entered Level 4 of the Snake Pit
 47539 | Snake:4  | Found a frozen archway.
 47548 | IceCv    | Entered an ice cave
 47635 | IceCv    | Gained mutation: Your flesh is cold resistant. (rC+) [mutagenic meat]
 47636 | IceCv    | Lost mutation: You are partially covered in iridescent scales. (AC +2) [mutagenic meat]
 47637 | IceCv    | Gained mutation: One of your tentacles bears a spike. [mutagenic meat]
 47638 | IceCv    | Lost mutation: You are frail. (-10% HP) [mutagenic meat]
 47639 | IceCv    | Gained mutation: Your magical capacity is low. (-10% MP) [mutagenic meat]
 47872 | Snake:4  | Reached skill level 5 in Earth Magic
 48497 | Snake:4  | Got a serpentine rune of Zot
 49041 | Snake:4  | Gained mutation: You tend to lose your temper in combat. [mutagenic meat]
 49046 | Snake:4  | Gained mutation: One of your tentacles bears a nasty spike. [mutagenic meat]
 49050 | Snake:4  | Lost mutation: Your body sometimes deteriorates upon taking damage. [potion of mutation]
 49050 | Snake:4  | Lost mutation: One of your tentacles bears a nasty spike. [potion of mutation]
 49050 | Snake:4  | Lost mutation: You tend to lose your temper in combat. [potion of mutation]
 49050 | Snake:4  | Lost mutation: You are dopey. (Int -2) [potion of mutation]
 49050 | Snake:4  | Lost mutation: Your spells are a little harder to cast, but a little more powerful. [potion of mutation]
 49050 | Snake:4  | Gained mutation: You tend to lose your temper in combat. [potion of mutation]
 49050 | Snake:4  | Gained mutation: Your spells are a little easier to cast, but a little less powerful. [potion of mutation]
 49050 | Snake:4  | Gained mutation: Your muscles are strong. (Str +2) [potion of mutation]
 49051 | Snake:4  | Lost mutation: One of your tentacles bears a spike. [potion of mutation]
 49051 | Snake:4  | Lost mutation: Your muscles are strong. (Str +2) [potion of mutation]
 49051 | Snake:4  | Lost mutation: Your magical capacity is low. (-10% MP) [potion of mutation]
 49051 | Snake:4  | Gained mutation: Your mind is acute. (Int +2) [potion of mutation]
 49052 | Snake:4  | Lost mutation: You tend to lose your temper in combat. [potion of mutation]
 49052 | Snake:4  | Lost mutation: Your flesh is cold resistant. (rC+) [potion of mutation]
 49052 | Snake:4  | Lost mutation: Your spells are a little easier to cast, but a little less powerful. [potion of mutation]
 49052 | Snake:4  | Lost mutation: You are partially covered in rugged brown scales. (AC +1, +3% HP) [potion of mutation]
 49052 | Snake:4  | Gained mutation: You are partially covered in rugged brown scales. (AC +1, +3% HP) [potion of mutation]
 49052 | Snake:4  | Gained mutation: One of your tentacles bears a spike. [potion of mutation]
 49052 | Snake:4  | Gained mutation: You passively map a small area around you. [potion of mutation]
 49053 | Snake:4  | Lost mutation: One of your tentacles bears a spike. [potion of mutation]
 49053 | Snake:4  | Lost mutation: Your mind is acute. (Int +2) [potion of mutation]
 49053 | Snake:4  | Gained mutation: You are agile. (Dex +2) [potion of mutation]
 49053 | Snake:4  | Gained mutation: You are somewhat resistant to further mutation. [potion of mutation]
 49068 | Snake:4  | Found a shattered altar of Ashenzari.
 49168 | Snake:4  | Found Millik's Weapon Shoppe.
 49649 | Elf:2    | Reached XP level 20. HP: 147/147 MP: 29/29
 49774 | Elf:2    | Found a runed gate.
 49774 | Elf:2    | Found a runed gate.
 49774 | Elf:2    | Found a runed gate.
 49784 | Elf:2    | Lost mutation: You passively map a small area around you. [potion of mutation]
 49784 | Elf:2    | Lost mutation: You are agile. (Dex +2) [potion of mutation]
 49821 | Elf:2    | Found a portal to a secret trove of treasure.
 49927 | Elf:2    | Found Tuelyfel's Gadget Shop.
 50196 | Elf:3    | Entered Level 3 of the Elven Halls
 51014 | Elf:3    | Learned a level 4 spell: Passage of Golubria
 51017 | Elf:3    | Learned a level 2 spell: Passwall
 51061 | Elf:3    | Identified the ring "Tafopel" {rF+ Stlth-} (You took it off a deep elf elementalist on level 3 of the Elven Halls)
 51186 | Elf:3    | Noticed galech's ghost (adept TrMo)
 51203 | Elf:3    | Killed galech's ghost
 51348 | Elf:3    | HP: 2/191 [deep elf master archer/arrow (24)]
 51789 | Elf:3    | Reached skill level 15 in Shields
 52195 | Elf:3    | Reached XP level 21. HP: 152/152 MP: 25/30
 52218 | Elf:3    | Identified the Guide on Evil and Translocation
 52220 | Elf:3    | Identified the Almanac of Arcane Weapons
 52236 | Elf:3    | Learned a level 2 spell: Blink
 52242 | Elf:3    | Learned a level 5 spell: Lee's Rapid Deconstruction
 52269 | Elf:3    | Identified Zaoh's Incunabulum of Confrontation
 53050 | Orc:1    | Killed Snorg
 53264 | Vaults:1 | Entered Level 1 of the Vaults
 53346 | Vaults:1 | Gained mutation: Your muscles are strong. (Str +2) [mutagenic meat]
 53513 | Vaults:1 | Found Veonuune's Antique Weapon Boutique.
 54295 | Vaults:2 | Found a staircase to the Crypt.
 54341 | Crypt:1  | Entered Level 1 of the Crypt
 54726 | Vaults:2 | Reached XP level 22. HP: 158/158 MP: 31/31
 54777 | Vaults:2 | Found Xiessoaz's Armour Emporium.
 55425 | Vaults:2 | Found an ancient bone altar of Kikubaaqudgha.
 55889 | Vaults:3 | Gained mutation: Your muscles are very strong. (Str +4) [mutagenic meat]
 56055 | Vaults:3 | Found Viulaokh's Distillery.
 56061 | Vaults:3 | Bought a potion of heal wounds for 75 gold pieces
 56408 | Vaults:3 | Noticed Sojobo
 56424 | Vaults:3 | Killed Sojobo
 56750 | Vaults:4 | Reached skill level 10 in Spellcasting
 57253 | Vaults:4 | Reached XP level 23. HP: 164/164 MP: 35/38
 57916 | Vaults:5 | Entered Level 5 of the Vaults
 58438 | Vaults:5 | Identified the Disquisition on Calling and Air
 58541 | Vaults:5 | Reached skill level 1 in Translocations
 58821 | Vaults:5 | Reached skill level 5 in Translocations
 58836 | Vaults:5 | Reached XP level 24. HP: 148/170 MP: 37/38
 59259 | Vaults:5 | Learned a level 6 spell: Deflect Missiles
 59265 | Vaults:5 | Learned a level 5 spell: Silence
 59338 | Vaults:5 | Reached skill level 1 in Air Magic
 59430 | Vaults:5 | Identified the Compendium of Cankerous Good Luck
 59566 | Vaults:5 | Got a silver rune of Zot
 59568 | Vaults:5 | Identified Sif Muna's Disquisition on Stones and Confrontation
 59730 | Vaults:5 | Reached skill level 5 in Air Magic
 60036 | Depths:1 | Entered Level 1 of the Depths
 60146 | Depths:1 | Found a one-way gate to the infinite horrors of the Abyss.
 60330 | Depths:1 | Found a one-way gate leading to the halls of Pandemonium.
 60469 | Depths:1 | Reached skill level 1 in Charms
 60482 | Depths:1 | Found a gateway to Hell.
 61208 | Depths:2 | Reached skill level 5 in Charms
 61324 | Depths:2 | Reached XP level 25. HP: 176/176 MP: 32/38
 61431 | Depths:2 | Voluntarily entered the Abyss.
 61530 | Abyss:1  | Found a corrupted altar of Lugonu.
 61800 | Abyss:1  | Found a corrupted altar of Lugonu.
 61837 | Abyss:1  | Gained mutation: You are frail. (-10% HP) [a neqoxec]
 61845 | Abyss:1  | Gained mutation: Your spells are a little easier to cast, but a little less powerful. [a neqoxec]
 62364 | Abyss:4  | Reached skill level 1 in Hexes
 62371 | Abyss:4  | Found a hide-covered altar of Uskayaw.
 62536 | Abyss:4  | Found a corrupted altar of Lugonu.
 62775 | Abyss:4  | Paralysed by accursed screaming for 1 turns
 62806 | Abyss:5  | Entered Level 5 of the Abyss
 62811 | Abyss:5  | Reached skill level 5 in Hexes
 62910 | Abyss:5  | Got an abyssal rune of Zot
 62932 | Depths:2 | Escaped the Abyss
 63086 | Depths:2 | Found a bloodstained altar of Trog.
 63287 | Depths:3 | Found a glowing golden altar of the Shining One.
 63344 | Depths:3 | Reached XP level 26. HP: 165/165 MP: 27/38
 63367 | Hell     | Entered the Vestibule of Hell
 63367 | Hell     | Noticed Geryon
 63600 | Depths:3 | Reached skill level 27 in Unarmed Combat
 63742 | Depths:3 | Reached skill level 15 in Fighting
 64439 | Elf:2    | You showed the abyssal rune of Zot to enter a treasure trove
 64440 | Trove    | Entered a treasure trove
 64440 | Trove    | Identified the cursed ring of Yendor {rF+ MR+ Str+2}
 64440 | Trove    | Identified the ring "Kiutt" {rCorr Str+4 SInv}
 64440 | Trove    | Identified the cursed ring "Wupnogg" {+Blink Dex+4 Stlth+}
 64440 | Trove    | Identified the cursed ring of the Moon {rPois rF+ Dex+3}
 64440 | Trove    | Identified the cursed ring of the Spinneret {*Drain rF+ Dex+6}
 64440 | Trove    | Identified the ring "Goles" {rC+ MR+ Str-3 Int+3 Stlth-}
 64440 | Trove    | Identified the cursed ring "Juoxulaka" {+Fly Dex+4 SInv}
 65109 | Slime:1  | Entered Level 1 of the Pits of Slime
 65260 | Slime:2  | Gained mutation: Your body sometimes deteriorates upon taking damage. [a shining eye]
 65485 | Slime:3  | Gained mutation: Scrolls take you a little longer to read. [a shining eye]
 65588 | Slime:5  | Entered Level 5 of the Pits of Slime
 65693 | Slime:5  | Noticed the Royal Jelly
 65993 | Slime:5  | Killed the Royal Jelly
 66217 | Slime:5  | Identified the ring of Gast {+Blink Int+5 Dex+6 Stlth+}
 66226 | Slime:5  | Gained mutation: You are clumsy. (Dex -2) [a shining eye]
 66340 | Slime:5  | Got a slimy rune of Zot
 66361 | Slime:5  | Identified the Incunabulum of Moulding and Toxins
 66431 | Slime:5  | Lost mutation: You are frail. (-10% HP) [potion of mutation]
 66431 | Slime:5  | Lost mutation: You are clumsy. (Dex -2) [potion of mutation]
 66431 | Slime:5  | Lost mutation: Your body sometimes deteriorates upon taking damage. [potion of mutation]
 67375 | Depths:2 | Reached XP level 27. HP: 201/201 MP: 32/38
 67384 | Depths:2 | Noticed the Enchantress
 67388 | Depths:2 | Killed the Enchantress
 68297 | Hell     | Killed Geryon
 68304 | Hell     | Found a gateway to the Iron City of Dis.
 68404 | Hell     | Found a gateway to the ashen valley of Gehenna.
 68445 | Geh:1    | Entered Level 1 of Gehenna
 70059 | Geh:7    | Entered Level 7 of Gehenna
 70170 | Geh:7    | Noticed the Serpent of Hell
 70183 | Geh:7    | Killed the Serpent of Hell
 70394 | Geh:7    | Identified the amulet "Kaol" {Spirit rElec rPois}
 70463 | Geh:7    | Learned a level 5 spell: Dispel Undead
 70761 | Geh:7    | Noticed Asmodeus
 70789 | Geh:7    | Killed Asmodeus
 70870 | Geh:7    | Got an obsidian rune of Zot
 71249 | Hell     | Found a gateway to the freezing wastes of Cocytus.
 71277 | Hell     | Found a gateway to the decaying netherworld of Tartarus.
 71290 | Tar:1    | Entered Level 1 of Tartarus
 71556 | Tar:2    | Noticed an ancient lich
 71556 | Tar:2    | Noticed an ancient lich
 71580 | Tar:2    | Killed an ancient lich
 71592 | Tar:2    | Killed an ancient lich
 72100 | Tar:6    | Reached skill level 27 in Fighting
 72307 | Tar:7    | Entered Level 7 of Tartarus
 72375 | Tar:7    | Gained mutation: You are clumsy. (Dex -2) [mutagenic glow]
 74182 | Tar:7    | Noticed Ereshkigal
 74211 | Tar:7    | Killed Ereshkigal
 74472 | Tar:7    | Got a bone rune of Zot
 74670 | Hell     | Gained mutation: You expend magic power (3 MP) to strengthen your wands. [mutagenic glow]
 74725 | Dis:1    | Entered Level 1 of the Iron City of Dis
 75344 | Dis:7    | Entered Level 7 of the Iron City of Dis
 75354 | Dis:7    | Reached skill level 1 in Necromancy
 75601 | Dis:7    | Identified the ring "Hosoqef" {rC+ MR- Str+8 SInv}
 75614 | Dis:7    | Reached skill level 5 in Necromancy
 76627 | Dis:7    | Identified the ring of Law {rN+ MR- Str+3 Dex+2} (You took it off an ancient champion on level 7 of the Iron City of Dis)
 76735 | Dis:7    | Noticed Dispater
 76743 | Dis:7    | Killed Dispater
 76801 | Dis:7    | Got an iron rune of Zot
 77030 | Coc:1    | Entered Level 1 of Cocytus
 78103 | Coc:7    | Entered Level 7 of Cocytus
 78802 | Coc:7    | Reached skill level 27 in Shields
 78924 | Coc:7    | Reached skill level 15 in Transmutations
 78954 | Coc:7    | Lost mutation: Your muscles are very strong. (Str +4) [potion of mutation]
 78954 | Coc:7    | Lost mutation: Scrolls take you a little longer to read. [potion of mutation]
 78954 | Coc:7    | Lost mutation: Your spells are a little easier to cast, but a little less powerful. [potion of mutation]
 79085 | Coc:7    | Noticed Antaeus
 79104 | Coc:7    | Killed Antaeus
 79155 | Coc:7    | Got an icy rune of Zot
 79158 | Coc:7    | Identified the ring of Baoto {Fire Int+3}
 79363 | Coc:7    | Lost mutation: Your muscles are strong. (Str +2) [mutagenic glow]
 79630 | D:10     | Bought a potion of heal wounds for 60 gold pieces
 79630 | D:10     | Bought a potion of might for 48 gold pieces
 79630 | D:10     | Bought a potion of heal wounds for 60 gold pieces
 79630 | D:10     | Bought 2 potions of curing for 72 gold pieces
 79630 | D:10     | Bought a potion of agility for 48 gold pieces
 79630 | D:10     | Bought a potion of haste for 120 gold pieces
 79630 | D:10     | Bought a potion of agility for 48 gold pieces
 81218 | Crypt:2  | Noticed a greater mummy
 81227 | Crypt:2  | Killed a greater mummy
 81299 | Crypt:2  | Noticed Khufu
 81305 | Crypt:2  | Killed Khufu
 81312 | Crypt:2  | Noticed a greater mummy
 81318 | Crypt:2  | Killed a greater mummy
 81416 | Crypt:3  | Entered Level 3 of the Crypt
 81630 | Crypt:3  | Found an ancient bone altar of Kikubaaqudgha.
 81800 | Crypt:3  | Noticed Jory
 81818 | Crypt:3  | Killed Jory
 81902 | Crypt:3  | Reached skill level 10 in Earth Magic
 82276 | Crypt:3  | Found a staircase to the Tomb.
 82302 | Crypt:3  | Identified Tegefiz's Guide on the Torrid Birds
 83135 | Tomb:1   | Entered Level 1 of the Tomb of the Ancients
 83280 | Tomb:1   | Noticed Britaniac's ghost (legendary GrFi)
 83301 | Tomb:1   | Killed Britaniac's ghost
 83501 | Tomb:1   | Noticed a greater mummy
 83511 | Tomb:1   | Killed a greater mummy
 83710 | Tomb:1   | Noticed an ancient lich
 83720 | Tomb:1   | Killed an ancient lich
 83965 | Tomb:2   | Noticed a greater mummy
 83965 | Tomb:2   | Noticed a greater mummy
 83969 | Tomb:2   | Noticed an ancient lich
 83970 | Tomb:2   | Noticed an ancient lich
 83984 | Tomb:2   | Killed a greater mummy
 83987 | Tomb:2   | Killed an ancient lich
 83989 | Tomb:2   | Killed an ancient lich
 84033 | Tomb:2   | Killed a greater mummy
 84533 | Tomb:1   | Noticed a greater mummy
 84542 | Tomb:1   | Killed a greater mummy
 84624 | Tomb:1   | Noticed a greater mummy
 84630 | Tomb:1   | Killed a greater mummy
 84636 | Tomb:1   | Noticed a greater mummy
 84641 | Tomb:1   | Killed a greater mummy
 84742 | Tomb:1   | Noticed a greater mummy
 84747 | Tomb:1   | Killed a greater mummy
 84812 | Tomb:1   | Noticed a greater mummy
 84818 | Tomb:1   | Killed a greater mummy
 84836 | Tomb:1   | Noticed a greater mummy
 84838 | Tomb:1   | Noticed a greater mummy
 84851 | Tomb:1   | Killed a greater mummy
 84863 | Tomb:1   | Killed a greater mummy
 84885 | Tomb:1   | Noticed a greater mummy
 84893 | Tomb:1   | Killed a greater mummy
 84893 | Tomb:1   | Reached skill level 15 in Spellcasting
 85018 | Tomb:1   | Noticed a greater mummy
 85027 | Tomb:1   | Killed a greater mummy
 85181 | Tomb:3   | Entered Level 3 of the Tomb of the Ancients
 85280 | Tomb:3   | Noticed a greater mummy
 85288 | Tomb:3   | Noticed a greater mummy
 85306 | Tomb:3   | Noticed a greater mummy
 85314 | Tomb:3   | Killed a greater mummy
 85314 | Tomb:3   | Reached skill level 15 in Dodging
 85322 | Tomb:3   | Noticed Boris
 85328 | Tomb:3   | Noticed a greater mummy
 85337 | Tomb:3   | Noticed a greater mummy
 85339 | Tomb:3   | Killed a greater mummy
 85358 | Tomb:3   | HP: 7/230 [bennu (18)]
 85360 | Tomb:3   | Slain by a bennu

Skill      XL: |  1  2  3  4  5  6  7  8  9 10 11 12 13 14 15 16 17 18 19 20 21 22 23 24 25 26 27 |
---------------+----------------------------------------------------------------------------------+-----
Transmutations | 3 4 6 10 12 14 19 | 19.5
Unarmed Combat | 4 5 6 7 10 12 13 15 18 19 22 24 25 26 27 | 27.0
Spellcasting   | 3 6 11 15 | 15.0
Ice Magic      | 2 5 2 0 |  0.0
Fighting       | 3 7 8 10 13 14 18 27 | 27.0
Dodging        | 6 8 11 13 14 15 | 15.5
Stealth        | 9 |  9.3
Earth Magic    | 4 9 14 | 14.5
Shields        | 1 4 10 11 15 27 | 27.0
Translocations | 5 6 |  6.9
Air Magic      | 6 |  6.4
Charms         | 5 8 |  8.0
Hexes          | 6 |  6.8
Necromancy     | 7 |  7.5

Action                   |  1- 3 |  4- 6 |  7- 9 | 10-12 | 13-15 | 16-18 | 19-21 | 22-24 | 25-27 || total
-------------------------+-------+-------+-------+-------+-------+-------+-------+-------+-------++-------
Melee: Unarmed           |    97 |   126 |   259 |   472 |  1031 |  1102 |  1201 |  1047 |  4710 || 10045
       Kick              |    12 |       |       |       |       |       |   136 |       |       ||   148
       Constrict         |     9 |     3 |     3 |     1 |    24 |   148 |   156 |   149 |   695 ||  1188
       Tentacles         |     6 |     1 |     1 |     1 |    62 |   207 |   263 |   304 |  1380 ||  2225
       Punch             |     2 |       |       |       |    30 |   143 |   219 |   215 |  1161 ||  1770
 Cast: Beastly Appendage |    16 |       |       |       |       |       |       |       |       ||    16
       Spider Form       |     9 |    36 |    16 |     2 |     5 |     1 |     3 |       |     1 ||    73
       Ice Form          |       |       |    35 |    71 |   119 |    10 |     2 |     1 |     3 ||   241
       Blade Hands       |       |       |       |       |    47 |    81 |       |       |       ||   128
       Statue Form       |       |       |       |       |       |    94 |    88 |    91 |   370 ||   643
       Blink             |       |       |       |       |       |       |       |       |    25 ||    25
       Deflect Missiles  |       |       |       |       |       |       |       |       |     7 ||     7
       Passwall          |       |       |       |       |       |       |       |       |     4 ||     4
       Passage of Golubr |       |       |       |       |       |       |       |       |     1 ||     1
Invok: Curse Item        |       |       |     2 |     2 |     3 |     5 |     1 |     1 |     6 ||    20
       Transfer Knowledg |       |       |       |       |       |     1 |       |       |       ||     1
       Scrying           |       |       |       |       |       |       |       |       |     3 ||     3
 Abil: End Transformatio |       |       |       |       |       |     3 |       |       |       ||     3
  Use: Scroll            |       |       |     8 |     6 |    17 |     8 |    10 |     7 |    24 ||    80
       Potion            |       |       |     2 |     9 |     3 |     4 |    14 |       |    33 ||    65
 Stab: Sleeping          |     1 |     4 |     1 |       |     7 |    20 |    14 |    17 |    37 ||   101
       Invisible         |       |       |       |     2 |       |       |       |       |       ||     2
       Distracted        |       |       |       |       |     3 |     5 |     5 |     4 |    21 ||    38
       Confused          |       |       |       |       |     2 |       |       |       |       ||     2
  Eat: Chunk             |     4 |    10 |    21 |    13 |    73 |    86 |    54 |    56 |    43 ||   360
       Bread ration      |       |       |     1 |     8 |     3 |     1 |       |       |    26 ||    39
       Meat ration       |       |       |       |       |     2 |     7 |     5 |       |     1 ||    15
       Royal jelly       |       |       |       |       |     2 |     2 |     1 |     1 |     5 ||    11
       Fruit             |       |       |       |       |     1 |       |     5 |     2 |     9 ||    17
Armor: Skin              |     8 |     5 |    57 |   153 |   299 |   308 |   355 |   273 |  1087 ||  2545
Dodge: Dodged            |    73 |    90 |   133 |   252 |   849 |  1394 |  1409 |   895 |  4776 ||  9871
       Deflected         |       |       |       |       |       |       |       |       |    52 ||    52
Block: Buckler           |       |       |       |       |       |   146 |   334 |       |       ||   480
       Shield            |       |       |       |       |       |       |   370 |   899 |  4890 ||  6159
